 Dungeon Crawl Stone Soup version 0.30-a0-715-gdb4ae3ece1 (webtiles) character file.

Game seed: 17685834968039728011

125679 Absynth the Thaumaturge (level 16, -5/115 HPs)
             Began as a Demonspawn Ice Elementalist on Jan 24, 2023.
             Was a Priest of Ashenzari.
             Slain by an alligator (12 damage)
             ... called by a spriggan druid
             ... on level 3 of the Swamp.
             The game lasted 02:28:25 (32331 turns).

Absynth the Thaumaturge (DsIE)                     Turns: 32331, Time: 02:28:25

Health: -5/115     AC: 26    Str: 10    XL:     16   Next: 42%
Magic:  34/34      EV: 20    Int: 30    God:    Ashenzari [***...]
Gold:   1151       SH: 10    Dex: 17    Spells: 26/44 levels left

rFire   + . .      SeeInvis +    W - +8 scimitar "Share My Annoyance" {freeze, rN+ Dex+4, Melee, Fort} (curse)
rCold   . . .      Faith    .    i - +3 warlock's mirror {omnireflect}
rNeg    + . .      Spirit   .    B - +6 ring mail "Share My Failure" {SInv, Elem, Cun} (curse)
rPois   +          Reflect  +    M - +1 helmet "Oracle of Ashenzari" {SInv, Fort, Melee} (curse)
rElec   +          Harm     .    C - scarf {+Inv}
rCorr   .          Rampage  .    w - +0 pair of gloves "Sublime Unpleasantness" {Self, Evo} (curse)
Will    +....      Clarity  +    (boots unavailable)
Stlth   ++                       A - amulet "Pangnostic Prison" {RegenMP, Cun, Self} (curse)
HPRegen 0.39/turn                E - +6 ring of intelligence
MPRegen 0.64/turn                c - ring "Hacaraex" {rElec rPois rF+}

@: mighty, agile, sanguine armoured, studying Fighting
A: hooves 3, powered by pain 3, robust 2, spiny 2, sanguine armour 2
a: Renounce Religion, Evoke Invisibility, Curse Item, Shatter the Chains


You were on level 3 of the Swamp.
You worshipped Ashenzari.
Ashenzari was most pleased with you.
You visited 5 branches of the dungeon, and saw 26 of its levels.
You also visited: Ossuary.

You collected 3341 gold pieces.
You spent 2190 gold pieces at shops.

Inventory:

Hand Weapons
 g - a +3 spear of freezing
 W - the cursed +8 scimitar "Share My Annoyance" (weapon) {freeze, rN+ Dex+4, Melee, Fort}
   (You found it on level 5 of the Lair of Beasts)

   Dex:       It affects your dexterity (+4).
   rN:        It protects you from negative energy.
   It has a curse which improves the following skills: Melee Combat: Short
   Blades, Long Blades, Axes, Maces & Flails, Polearms, Staves and Unarmed
   Combat.
   Fortitude: Armour and Shields.
Armour
 i - the +3 warlock's mirror (worn) {omnireflect}
   (You bought it in a shop on level 2 of the Orcish Mines)

   Omnireflect: It can block and reflect piercing ranged attacks and magical
   attacks against the wielder's willpower.
 w - the cursed +0 pair of gloves "Sublime Unpleasantness" (worn) {Self, Evo}
   (You found it on level 10 of the Dungeon)

   It has a curse which improves the following skills: Introspection: Fighting
   and Spellcasting.
   Evocations: Evocations.
 B - the cursed +6 ring mail "Share My Failure" (worn) {SInv, Elem, Cun}
   (You found it on level 10 of the Dungeon)

   SInv:      It lets you see invisible.
   It has a curse which improves the following skills: Elements: Fire Magic, Ice
   Magic, Air Magic and Earth Magic.
   Cunning:   Dodging and Stealth.
 C - a scarf of invisibility (worn)
 M - the cursed +1 helmet "Oracle of Ashenzari" (worn) {SInv, Fort, Melee}
   (You bought it in a shop on level 8 of the Dungeon)

   It has a curse which improves the following skills: Fortitude: Armour and
   Shields.
   Melee Combat: Short Blades, Long Blades, Axes, Maces & Flails, Polearms,
   Staves and Unarmed Combat.
Jewellery
 c - the ring "Hacaraex" (right hand) {rElec rPois rF+}
   (You bought it in a shop on level 2 of the Orcish Mines)

   [ring of protection from fire]

   rF:        It protects you from fire.
   rElec:     It insulates you from electricity.
   rPois:     It protects you from poison.
 k - a ring of flight
 p - a ring of poison resistance
 q - a ring of positive energy
 s - a ring of willpower
 v - an amulet of the acrobat
 A - the cursed amulet "Pangnostic Prison" (around neck) {RegenMP, Cun, Self}
   (You found it on level 5 of the Dungeon)

   [amulet of magic regeneration]

   It increases your rate of magic regeneration.
   It has a curse which improves the following skills: Cunning: Dodging and
   Stealth.
   Introspection: Fighting and Spellcasting.
 D - a +6 ring of dexterity
 E - a +6 ring of intelligence (left hand)
 L - a +5 ring of evasion
 O - a ring of magical power
 T - a ring of positive energy
Wands
 h - a wand of polymorph (27)
 r - a wand of charming (53)
 x - a wand of digging (17)
 y - a wand of mindburst (8)
 F - a wand of roots (34)
 V - a wand of flame (15)
 X - a wand of quicksilver (13)
Scrolls
 a - 3 scrolls of enchant armour
 d - 2 scrolls of amnesia
 l - 2 scrolls of fog
 m - 4 scrolls of enchant weapon
 n - 11 scrolls of teleportation
 o - a scroll of poison
 G - 18 scrolls of identify
 Q - 2 scrolls of silence
 R - 2 scrolls of magic mapping
Potions
 b - 4 potions of magic
 e - 7 potions of brilliance
 f - 11 potions of curing
 j - 6 potions of flight
 u - 2 potions of might
 z - 10 potions of heal wounds
 H - 5 potions of mutation
 I - 2 potions of haste
 K - 5 potions of resistance
 N - 4 potions of berserk rage
 P - 2 potions of ambrosia
 S - 2 potions of cancellation


   Skills:
 + Level 8.5(11.0) Long Blades
 - Level 9.5(12.0) Armour
 + Level 7.0(9.5) Dodging
 - Level 1.7(3.4) Stealth
 + Level 6.7(9.2) Shields
 - Level 12.3(14.6) Spellcasting
 - Level 9.5 Conjurations
 - Level 9.1 Hexes
 - Level 9.1(10.7) Ice Magic
 - Level 9.6(11.2) Air Magic
 - Level 10.0(11.5) Earth Magic


You had 26 spell levels left.
You knew the following spells:

 Your Spells              Type           Power      Damage    Failure   Level
a - Ozocubu's Armour      Ice            72%        N/A       1%          3
b - Stone Arrow           Conj/Erth      100%       3d13      1%          3
c - Freezing Cloud        Conj/Ice/Air   35%        6-21      1%          5
f - Frozen Ramparts       Ice            100%       1d16      1%          3
s - Slow                  Hex            100%       N/A       1%          1
t - Confusing Touch       Hex            67%        N/A       1%          3

Your spell library contained the following spells:

 Spells                   Type           Power      Damage    Failure   Level
 Freeze                   Ice            100%       1d10      1%          1
 Magic Dart               Conj           100%       1d8       1%          1
 Shock                    Conj/Air       100%       1d9       1%          1
 Cigotuvi's Dreadful Rot  Necr/Pois/Air  88%        N/A       1%          2
 Searing Ray              Conj           100%       2d8       1%          2
 Swiftness                Air            73%        N/A       1%          3
 Airstrike                Air            36%        2d(6-22)  1%          4
 Cause Fear               Hex            33%        N/A       1%          4
 Fulminant Prism          Conj/Hex       33%        3d16      1%          4
 Inner Flame              Hex/Fire       49%        N/A       2%          3
 Summon Guardian Golem    Hex/Summ       49%        N/A       2%          3
 Iskenderun's Battlesphe  Conj           68%        2d12      2%          5
 Metabolic Englaciation   Hex/Ice        34%        N/A       2%          5
 Animate Armour           Summ/Erth      100%       N/A       4%          4
 Summon Ice Beast         Ice/Summ       53%        N/A       6%          4
 Flame Wave               Conj/Fire      50%        2d12      7%          4
 Lesser Beckoning         Tloc           44%        N/A       8%          2
 Scorch                   Fire           46%        2d7       8%          2
 Iron Shot                Conj/Erth      35%        9d7       11%         6
 Gell's Gravitas          Tloc           22%        N/A       16%         3
 Teleport Other           Tloc           22%        N/A       16%         3
 Vampiric Draining        Necr           22%        2d7       16%         3
 Summon Mana Viper        Hex/Summ       49%        N/A       22%         5
 Yara's Violent Unravell  Hex/Tmut       24%        3d11      22%         5
 Animate Dead             Necr           22%        N/A       45%         4
 Dispel Undead            Necr           22%        3d12      45%         4
 Ozocubu's Refrigeration  Ice            36%        4d15      47%         7
 Simulacrum               Ice/Necr       26%        N/A       65%         6
 Orb of Destruction       Conj           34%        9d10      65%         7
 Enfeeble                 Hex            33%        N/A       71%         7
 Summon Forest            Summ/Tloc      11%        N/A       82%         5
 Spellforged Servitor     Conj/Summ      25%        N/A       99%         7
 Lehudib's Crystal Spear  Conj/Erth      35%        10d9      99%         8
 Death Channel            Necr           11%        N/A       100%        6
 Summon Cactus Giant      Summ           11%        N/A       100%        6
 Haunt                    Necr/Summ      11%        N/A       100%        7
 Discord                  Hex            33%        N/A       100%        8
 Infestation              Necr           11%        N/A       100%        8
 Polar Vortex             Ice            36%        N/A       100%        9


Dungeon Overview and Level Annotations

Branches:
Dungeon (15/15)            Temple (1/1) D:5            Lair (5/5) D:11
  Swamp (3/4) Lair:2       Spider (0/4) Lair:3        Slime (0/5) Lair:5
    Orc (2/2) D:10            Elf (0/3) Orc:2        Vaults (0/5) D:14
 Depths (0/4) D:15        Ossuary (visited)

Altars:
Ashenzari
Cheibriados
Dithmenos
Fedhas
Gozag
Hepliaklqana
Kikubaaqudgha
Makhleb
Nemelex Xobeh
Okawaru
Qazlal
Ru
Sif Muna
Trog
Uskayaw
Vehumet
Wu Jian
Xom
Yredelemnul
Jiyva

Shops:
D:2 ?   D:5 *   D:8 :!*[*   D:10 ??   Orc:1 (:   Orc:2 =[(*(


Innate Abilities, Weirdness & Mutations

You have hooves in place of feet.
You are powered by pain.
You are very robust. (+20% HP)
You are mostly covered in sharp spines.
When seriously injured, your blood forms thick armour. (AC +9)


Message History

Casting: Stone Arrow (safe; 1% risk of failure)
Confirm with . or Enter, or press ? or * to list all spells.
Okay, then.
The spriggan druid attacks as you move away!
The spriggan druid completely misses you.
A swamp dragon comes into view.
You see here a bunyip corpse.
Casting: Stone Arrow (safe; 1% risk of failure)
Confirm with . or Enter, or press ? or * to list all spells.
A film of ice covers your body!
The swamp dragon roars deafeningly!
The swamp worm is engulfed in freezing vapours.
You block the swamp worm's attack.
The swamp worm is engulfed in freezing vapours.
You block the swamp worm's attack.
Casting: Ozocubu's Armour (safe; 1% risk of failure)
Confirm with . or Enter, or press ? or * to list all spells.
Aiming: Freezing Cloud (dangerous; 1% risk of failure)
Press: ? - help, Dir - move target, f/p - spriggan druid
Aim: a spriggan druid, wielding a +0 quarterstaff and wearing a +0 robe (heavily wounded) That beam is likely to hit you.
Continue anyway?
You are engulfed in freezing vapours.
* * * LOW HITPOINT WARNING * * *
You focus on the pain.
You feel your power returning.
The swamp dragon breathes poison at you.
The blast of poison engulfs you but does no damage.
You resist.
The swamp worm is engulfed in freezing vapours.
You block the swamp worm's attack.
Your icy armour will break if you move.
Continue?
Your icy armour cracks and falls away as you move.
The spriggan druid is engulfed in freezing vapours.
The spriggan druid gestures at you while chanting.
The stone arrow hits you!!
* * * LOW HITPOINT WARNING * * *
You focus on the pain.
You feel more agile all of a sudden.
The alligator is engulfed in freezing vapours.
The alligator bites you!
You die...

~ ≈≈≈≈≈~. ♣♣.## ,
* ~..≈≈≈. ~... ,
~≈(<.≈≈≈~♣~§§ ,,
, ≈~~.~≈≈~....~
,*, *
,~~≈≈≈≈≈≈~.§§♣ ,,
,.≈≈≈≈≈≈≈~.§§♣~,,
,, ~~§~≈≈≈~.
♣wi♣♣♣
~.~.~~~.♣♣§§§~♣~.
**
..~~..♣☼@t○§..~..
* ~
♣~~~☼☼○☼○~..~~. ,
* ~ *
♣.§~☼○♣♣○§.♣♣~. *
* **♣♣.§<☼~~.○.♣
*~ ~~
♣...~~.°.♣♣..D♣*
~.~~..~§~..♣~§~~
* *
(.~...~~~.[~♣~.~.
.....~~~~.~~~.§~~
~, *
§~?.~~~~~♣.~~~~~


You could see an alligator, a swamp dragon, a spriggan druid and a swamp worm.

Vanquished Creatures
  An orc warlord (Orc:2)
  Aizul (Swamp:2)
  A caustic shrike skeleton (D:15)
  4 eleionomae
  2 bunyips
  2 fire dragons (Lair:5)
  Josephine (D:10)
  11 hydras
  A ghost crab (Swamp:2)
  A catoblepas (Lair:2)
  6 boulder beetles
  6 two-headed ogres
  7 centaur warriors
  5 alligators
  A tengu warrior (D:14)
  4 orc high priests
  Sonja (D:13)
  2 skeletal warriors (D:15)
  A death drake (Swamp:2)
  5 goliath frogs
  4 swamp dragons
  7 wizards (D:14)
  2 spriggan druids
  4 bog bodies
  2 necromancers
  4 orc knights
  A phantasmal warrior (D:15)
  3 lindwurms (Lair:5)
  A tengu skeleton (D:15)
  6 orc sorcerers
  The ghost of DEFE the Coward, a novice DsWn of Okawaru (D:6)
  6 manticores
  14 cyclopes
  2 deep elf pyromancers
  A wolf spider (D:13)
  A deep elf zephyrmancer (D:13)
  2 ugly things
  10 elephants
  An iron dragon skeleton (D:15)
  4 will-o-the-wisps
  6 black mambas
  8 cane toads
  5 torpor snails (Lair:5)
  2 unseen horrors
  3 gargoyles
  3 rime drakes
  2 efreet
  2 tengu conjurers (D:13)
  A yaktaur (D:12)
  2 kobold demonologists
  8 komodo dragons
  13 trolls
  2 bloated husks
  5 tyrant leeches
  12 hornets
  2 polar bears (D:13)
  A wolf spider simulacrum (D:13)
  Grinder (D:4)
  7 dream sheep (Lair:5)
  A raiju (shapeshifter) (D:13)
  12 blink frogs
  12 slime creatures
  3 shadows
  3 water elementals
  Sigmund (D:2)
  5 spriggans
  8 wraiths
  A vampire (D:14)
  46 yaks
  6 basilisks
  3 wyverns
  5 steam dragons
  9 vampire mosquitoes
  A death yak simulacrum (D:13)
  3 wargs
  A glowing shapeshifter zombie (D:15)
  10 swamp worms
  16 water moccasins
  6 acid dragons
  A swamp drake (Swamp:1)
  3 black bears (D:7)
  40 orc warriors
  6 ice beasts
  4 boggarts (D:15)
  5 ogres
  15 wolves
  11 centaurs
  14 kobold brigands
  11 bullfrogs
  A two-headed ogre simulacrum (D:13)
  2 gnoll sergeants
  2 necrophages (D:4)
  A cane toad simulacrum (D:13)
  2 scorpions
  3 water moccasin zombies (Ossuary)
  13 wights
  8 killer bees
  12 electric eels
  16 howler monkeys
  6 hounds
  25 orc priests
  A gnoll bouda (D:7)
  6 jellies
  19 iguanas
  Ijyb (D:3)
  28 orc wizards
  A troll simulacrum (D:13)
  A polar bear simulacrum (D:13)
  A spriggan simulacrum (D:13)
  2 mummies (Ossuary)
  6 gnolls
  8 adders
  2 naga simulacra (D:13)
  10 white imps
  5 ufetubi
  9 adder zombies (Ossuary)
  A worm (D:4)
  2 dart slugs (D:4)
  109 orcs
  11 bats
  9 endoplasms
  2 giant cockroaches
  8 goblins
  11 hobgoblins
  7 jackals (D:3)
  29 kobolds
  5 quokkas
  5 ball pythons
  A frilled lizard (D:2)
  3 gnoll zombies (Ossuary)
  5 hobgoblin zombies (Ossuary)
  4 kobold zombies (Ossuary)
  5 orc zombies (Ossuary)
  9 rats
  A bush (D:7)
904 creatures vanquished.

Vanquished Creatures (others)
  A bloated husk (Swamp:2)
  A bush (D:7)
  A butterfly (D:7)
  8 foxfires
  22 fungi
  115 plants
  12 withered plants (D:15)
160 creatures vanquished.

Grand Total: 1064 creatures vanquished

Notes
Turn   | Place    | Note
-------+----------+-------------------------------------------
     0 | D:1      | Absynth the Demonspawn Ice Elementalist began the quest for
                  | the Orb.
     0 | D:1      | Reached XP level 1. HP: 13/13 MP: 3/3
   111 | D:1      | Found a faded altar of an unknown god.
   197 | D:1      | Gained mutation: You are partially covered in sharp spines.
                  | [demonic ancestry]
   197 | D:1      | Reached XP level 2. HP: 19/19 MP: 1/5
   967 | D:2      | Found Egonkol's Magic Scroll Emporium.
   973 | D:2      | Bought a scroll of noise for 11 gold pieces
  1120 | D:2      | Gained mutation: When seriously injured, your blood forms
                  | armour. (AC +9) [demonic ancestry]
  1120 | D:2      | Reached XP level 3. HP: 24/24 MP: 5/7
  1331 | D:2      | Identified the +9 hand axe of Valour {protect, Str+3}
  1460 | D:2      | Reached skill level 3 in Spellcasting
  1536 | D:2      | Noticed Sigmund
  1561 | D:2      | Learned a level 3 spell: Frozen Ramparts
  1565 | D:2      | Learned a level 3 spell: Ozocubu's Armour
  1604 | D:2      | Killed Sigmund
  1605 | D:2      | Reached skill level 4 in Spellcasting
  1605 | D:2      | Reached skill level 5 in Ice Magic
  1605 | D:2      | Gained mutation: You are mostly covered in sharp spines.
                  | [demonic ancestry]
  1605 | D:2      | Reached XP level 4. HP: 11/30 MP: 3/10
  1605 | D:2      | Gained mutation: You sometimes gain a little power by
                  | taking damage. [demonic ancestry]
  1605 | D:2      | Reached XP level 5. HP: 12/35 MP: 3/11
  1792 | D:3      | Found a blossoming altar of Fedhas.
  1794 | D:3      | Found a sparkling altar of Nemelex Xobeh.
  1854 | D:3      | Noticed Ijyb
  1866 | D:3      | Killed Ijyb
  1935 | D:3      | Gained mutation: You have large cloven feet. [demonic
                  | ancestry]
  1935 | D:3      | Reached XP level 6. HP: 33/41 MP: 12/12
  2765 | D:4      | Found a sacrificial altar of Ru.
  2814 | D:4      | Noticed Grinder
  2825 | D:4      | Killed Grinder
  2826 | D:4      | Reached skill level 5 in Spellcasting
  2826 | D:4      | Reached XP level 7. HP: 20/46 MP: 8/15
  2981 | D:4      | Found a shimmering altar of Xom.
  3126 | D:4      | Reached skill level 6 in Spellcasting
  3371 | D:5      | Entered Level 5 of the Dungeon
  3473 | D:5      | Learned a level 1 spell: Slow
  3477 | D:5      | Learned a level 3 spell: Confusing Touch
  3581 | D:5      | Reached skill level 1 in Hexes
  3581 | D:5      | Gained mutation: When seriously injured, your blood forms
                  | thick armour. (AC +9) [demonic ancestry]
  3581 | D:5      | Reached XP level 8. HP: 52/52 MP: 11/17
  3755 | D:5      | Found Gamyu's Assorted Antiques.
  3860 | D:5      | Found a staircase to the Ecumenical Temple.
  4423 | D:5      | Identified a scroll of acquirement
  4423 | D:5      | Acquired 369 gold pieces
  4651 | D:6      | Noticed a troll
  4659 | D:6      | Killed a troll
  4660 | D:6      | Reached skill level 5 in Hexes
  5066 | D:6      | Found a runed translucent gate.
  5066 | D:6      | Found a runed translucent gate.
  5066 | D:6      | Found a runed translucent gate.
  5069 | D:6      | Noticed DEFE's ghost (novice DsWn)
  5273 | D:6      | Acquired a book of Ice
  5380 | D:6      | Reached skill level 1 in Conjurations
  5381 | D:6      | Reached skill level 1 in Air Magic
  5390 | D:6      | Gained mutation: You have hoof-like feet. [demonic
                  | ancestry]
  5390 | D:6      | Reached XP level 9. HP: 36/57 MP: 15/18
  5526 | D:6      | Killed DEFE's ghost
  5877 | D:8      | Found a sand-covered staircase.
  5885 | D:8      | Reached skill level 5 in Conjurations
  5906 | Ossuary  | Entered an ossuary
  6015 | Ossuary  | Reached skill level 5 in Air Magic
  6054 | D:8      | Found Xyushe's Antique Armour Boutique.
  6090 | D:8      | Found Cuimioto's General Store.
  6304 | D:8      | Found Zoejaynk's Distillery.
  6362 | D:8      | Found a bloodstained altar of Trog.
  6437 | D:7      | Gained mutation: You have hooves in place of feet. [demonic
                  | ancestry]
  6437 | D:7      | Reached XP level 10. HP: 40/63 MP: 19/19
  6472 | D:7      | Noticed a white ugly thing
  6489 | D:7      | Noticed a gargoyle
  6489 | D:7      | Noticed a gargoyle
  6502 | D:7      | Killed a gargoyle
  6504 | D:7      | Killed a gargoyle
  6832 | D:7      | Learned a level 5 spell: Freezing Cloud
  7250 | D:7      | Killed a white ugly thing
  7684 | D:7      | Gained mutation: You sometimes gain power by taking damage.
                  | [demonic ancestry]
  7684 | D:7      | Reached XP level 11. HP: 60/68 MP: 20/20
  7859 | Temple   | Entered the Ecumenical Temple
  7880 | Temple   | Became a worshipper of Ashenzari the Shackled
  8127 | D:8      | Found Focurow's General Store.
  8168 | D:8      | Bought a +1 helmet of see invisible for 231 gold pieces
  8311 | D:8      | Found Meinloeh's Book Boutique.
  9574 | D:10     | Entered Level 10 of the Dungeon
  9992 | D:10     | Learned a level 3 spell: Stone Arrow
 10085 | D:10     | Found Uvisu's Magic Scroll Boutique.
 10126 | D:10     | Reached skill level 1 in Earth Magic
 10345 | D:10     | Noticed a boulder beetle
 10377 | D:10     | Killed a boulder beetle
 10382 | D:10     | Identified the +6 ring mail of Darkness {SInv}
 10417 | D:10     | Found a staircase to the Orcish Mines.
 10467 | D:10     | Noticed a deep elf pyromancer
 10473 | D:10     | Killed a deep elf pyromancer
 10474 | D:10     | Reached skill level 1 in Armour
 10562 | D:10     | Found Hucas's Magic Scroll Shoppe.
 10591 | D:10     | Noticed Josephine
 10596 | D:10     | Killed Josephine
 10857 | D:11     | Noticed a boulder beetle
 10883 | D:11     | Killed a boulder beetle
 11006 | D:11     | Reached skill level 5 in Earth Magic
 11386 | D:11     | Noticed a two-headed ogre
 11390 | D:11     | Killed a two-headed ogre
 11475 | D:11     | Reached XP level 12. HP: 74/74 MP: 12/22
 11523 | D:11     | Found a staircase to the Lair.
 11569 | D:11     | Noticed a two-headed ogre
 11576 | D:11     | Killed a two-headed ogre
 11669 | D:11     | Reached skill level 5 in Armour
 12223 | D:11     | You fall into a shaft and drop 3 floors!
 12294 | D:13     | Noticed a centaur warrior
 12301 | D:13     | Killed a centaur warrior
 12820 | D:12     | Noticed a boulder beetle
 12879 | D:12     | Killed a boulder beetle
 13357 | D:12     | Noticed a two-headed ogre
 13361 | D:12     | Killed a two-headed ogre
 13817 | D:12     | Noticed a two-headed ogre
 13821 | D:12     | Killed a two-headed ogre
 13895 | D:12     | Gained mutation: You are powered by pain. [demonic
                  | ancestry]
 13895 | D:12     | Reached XP level 13. HP: 74/79 MP: 23/23
 15217 | D:13     | Noticed Sonja
 15219 | D:13     | Killed Sonja
 15773 | Lair:1   | Entered Level 1 of the Lair of Beasts
 15797 | Lair:1   | Reached skill level 10 in Earth Magic
 16540 | Lair:2   | Reached skill level 7 in Spellcasting
 17358 | Lair:2   | Found a staircase to the Swamp.
 17731 | Lair:3   | Gained mutation: You are robust. (+10% HP) [demonic
                  | ancestry]
 17731 | Lair:3   | Reached XP level 14. HP: 79/93 MP: 19/25
 17785 | Lair:3   | Found a hole to the Spider Nest.
 17850 | Lair:3   | Reached * piety under Ashenzari
 17940 | Lair:3   | Reached skill level 8 in Spellcasting
 19570 | Lair:5   | Entered Level 5 of the Lair of Beasts
 19900 | Lair:5   | Reached skill level 9 in Spellcasting
 19950 | Lair:5   | Reached ** piety under Ashenzari
 20390 | Lair:5   | Identified the +8 scimitar "Etwios" {freeze, rN+ Dex+4}
 20540 | Lair:5   | Reached skill level 10 in Spellcasting
 20593 | Lair:5   | Found a staircase to the Slime Pits.
 20593 | Lair:5   | Found a viscous altar of Jiyva.
 21047 | Lair:5   | Found a runed translucent door.
 21269 | Lair:5   | Reached skill level 11 in Spellcasting
 22033 | Orc:1    | Entered Level 1 of the Orcish Mines
 22303 | Orc:1    | Found Unuamme Sioff's Weapon Shop.
 22352 | Orc:1    | Paralysed by an orc sorcerer for 3 turns
 22564 | Orc:1    | Found Lolus's Book Emporium.
 22584 | Orc:1    | Reached skill level 12 in Spellcasting
 22605 | Orc:1    | Gained mutation: You are very robust. (+20% HP) [demonic
                  | ancestry]
 22605 | Orc:1    | Reached XP level 15. HP: 52/108 MP: 31/31
 23388 | Orc:1    | Bought a book of Power for 504 gold pieces
 23396 | Orc:2    | Entered Level 2 of the Orcish Mines
 23686 | Orc:2    | Reached skill level 1 in Long Blades
 23755 | Orc:2    | Found Buom's Weapon Boutique.
 24154 | Orc:2    | Found Kus Ypla's Assorted Antiques.
 24408 | Orc:2    | Reached *** piety under Ashenzari
 24606 | Orc:2    | Found Wapemmi's Jewellery Emporium.
 24832 | Orc:2    | Bought the ring "Hacaraex" {rElec rPois rF+} for 604 gold
                  | pieces
 24898 | Orc:2    | Found a staircase to the Elven Halls.
 25388 | Orc:2    | Found Adipp's Antique Armour Shop.
 25392 | Orc:2    | Found Jupn's Antique Weapon Boutique.
 25411 | Orc:2    | Bought the +3 warlock's mirror {omnireflect} for 840 gold
                  | pieces
 25411 | Orc:2    | Found the +3 warlock's mirror {omnireflect}
 25621 | D:12     | Reached skill level 5 in Long Blades
 25735 | D:12     | Reached skill level 1 in Shields
 26879 | D:14     | Found a gate to the Vaults.
 27875 | D:15     | Entered Level 15 of the Dungeon
 28244 | D:15     | Found a staircase to the Depths.
 28552 | D:15     | Reached skill level 5 in Dodging
 29265 | Swamp:1  | Entered Level 1 of the Swamp
 30109 | Swamp:1  | Reached skill level 5 in Shields
 30135 | Swamp:1  | Reached XP level 16. HP: 102/115 MP: 12/34
 31080 | Swamp:2  | Noticed Aizul
 31091 | Swamp:2  | Killed Aizul
 32331 | Swamp:3  | Slain by an alligator

Illustrated notes

Levels and vault maps discovered:
D:1:      dpeg_arrival_rooms_c, layout_basic,
          ebering_ecumenical_altar_abandoned, minmay_misc_feat_encased
D:2:      layout_basic, serial_shops, shop, uniq_sigmund
D:3:      layout_loops_ring, mainiacjoe_overflow_catwalk_spiral,
          chequers_garden, grunt_ministairs_14, minmay_increasing_density,
          uniq_ijyb
D:4:      layout_rooms, mainiacjoe_overflow_surrounded_room,
          mainiacjoe_overflow_alcove_2, minmay_misc_feat_rows, uniq_grinder
D:5:      layout_loops_corners, minmay_temple_entry_tees, serial_shops, shop
D:6:      layout_basic, gammafunk_ghost_nasty_kobolds
D:7:      nzn_winding_woodlands_large [nzn_winding_woodlands_5x5_open_star,
          nzn_winding_woodlands_5x15_concentric,
          nzn_winding_woodlands_5x5_checkerboard,
          nzn_winding_woodlands_center_garden,
          nzn_winding_woodlands_15x15_five_gardens,
          nzn_winding_woodlands_center_lodge, nzn_winding_woodlands_5x5_three,
          nzn_winding_woodlands_5x15_split_checker,
          nzn_winding_woodlands_5x5_default], layout_gridville,
          nicolae_elyvilon_peaceful_grove, enter_bailey_2
D:8:      layout_basic, mainiacjoe_overflow_concentric_impassable,
          nicolae_ossuary_entry_ruins, serial_curves, eino_curves_03,
          eino_curves_04, eino_curves_02, serial_shops, nicolae_shop_trees,
          nicolae_shop_statue_plus, nicolae_stop_n_shop_2, kennysheep_mini,
          nicolae_take_the_stairs
D:9:      layout_basic, minmay_fractal_squares_diagonal_5
D:10:     minmay_skewed_foursquare, layout_basic, orc_0_dummy, serial_shops,
          shop, shop_fountains, uniq_josephine
D:11:     layout_basic, lair_entry_dummy
D:12:     minmay_inside_and_out, layout_gridville
D:13:     hangedman_arrow_trap, layout_irregular_city, gauntlet_entry_generic,
          serial_ice, serial_ice_i, serial_ice_f, serial_ice_b, serial_ice_m,
          serial_ice_d, serial_ice_o, portal_ice_cave_entry_ice_simulacra,
          uniq_sonja
D:14:     minmay_wizard_corner, layout_loops_corners, david_vaults_1,
          serial_bayou, serial_bayou_shore_b, serial_bayou_ford_a,
          serial_bayou_crossing, serial_bayou_shore_b
D:15:     gammafunk_depths_entry_grave, layout_loops_ring, minmay_misc_feat_chi
Temple:   lightli_temple_of_artemis
Lair:1:   layout_hall_layers, st_stairs_4
Lair:2:   layout_loops_ring, palyth_hydra_swamp_entry
Lair:3:   layout_regular_city, spider_nest_entry_web_field
Lair:4:   layout_hall_layers, worms_lemuel, lemuel_fruit_tree
Lair:5:   wormcave, layout_hall_layers, guppyfry_lair_end_dragon,
          nicolae_slime_entry_slimehenge, chequers_serial_rivers_small_b,
          grunt_megastairs_1
Swamp:1:  layout_basic_swamp, nicolae_swamp_dense_foliage
Swamp:2:  layout_basic_swamp, evilmike_swamp_ruin_house_6, uniq_aizul
Swamp:3:  layout_basic_swamp, hangedman_swamp_ruin_wall,
          infiniplex_staircase_pool_2
Orc:1:    cheibrodos_orc_bank, layout_diamond_mine, serial_shops,
          nicolae_shop_crystal, guppyfry_orc_lava_fort
Orc:2:    grunt_orc_community_town_hall, layout_diamond_mine,
          grunt_orc_community_big_house_1, grunt_orc_community_big_house_2,
          grunt_orc_community_house_1, grunt_orc_community_house_3,
          grunt_orc_community_house_3, grunt_orc_community_house_1,
          grunt_orc_community_house_2, grunt_orc_community_house_1, basic_altar,
          serial_shops, nicolae_shop_bloodbath_and_beyond,
          nicolae_orc_damp_corner

Skill      XL: |  1  2  3  4  5  6  7  8  9 10 11 12 13 14 15 16 |
---------------+-------------------------------------------------+-----
Ice Magic      | 4 5 6 7 8 9 |  9.1
Spellcasting   | 4 5 6 7 12 | 12.3
Hexes          | 1 6 8 9 |  9.1
Conjurations   | 2 6 9 |  9.5
Air Magic      | 1 5 8 9 |  9.6
Earth Magic    | 5 8 10 | 10.0
Armour         | 4 8 9 |  9.5
Long Blades    | 7 8 |  8.5
Dodging        | 5 7 |  7.0
Shields        | 5 6 |  6.7
Stealth        | |  1.7

Action                     |  1- 3 |  4- 6 |  7- 9 | 10-12 | 13-15 | 16-18 || total
---------------------------+-------+-------+-------+-------+-------+-------++-------
  Melee: Spear             |    29 |       |       |       |       |       ||    29
         Hand axe          |    18 |    61 |   163 |   301 |   145 |       ||   688
         Kick              |       |     2 |       |   119 |   117 |     1 ||   239
         Punch             |       |       |     2 |     3 |     3 |       ||     8
         Unarmed           |       |       |       |    11 |       |       ||    11
         Scimitar          |       |       |       |       |   149 |     4 ||   153
   Cast: Freeze            |    17 |       |       |     8 |       |       ||    25
         Frozen Ramparts   |     1 |     1 |    20 |    52 |    67 |       ||   141
         Ozocubu's Armour  |     1 |     1 |    16 |    63 |    68 |     7 ||   156
         Slow              |       |       |     1 |       |     1 |       ||     2
         Confusing Touch   |       |       |       |     6 |    13 |       ||    19
         Freezing Cloud    |       |       |       |    46 |   171 |    41 ||   258
         Stone Arrow       |       |       |       |    12 |   301 |    70 ||   383
 Invoke: Curse Item        |       |       |       |     1 |     5 |       ||     6
         Shatter the Chain |       |       |       |       |     1 |       ||     1
    Use: Scroll            |       |       |    18 |       |     8 |       ||    26
         Potion            |       |       |     2 |     1 |     6 |     1 ||    10
   Stab: Sleeping          |     5 |     4 |    12 |       |       |       ||    21
         Confused          |       |       |       |     4 |     6 |       ||    10
         Distracted        |       |       |       |     2 |       |       ||     2
 Armour: Robe              |    10 |    17 |    85 |    85 |       |       ||   197
         Ring mail         |       |       |       |    63 |   229 |    21 ||   313
  Dodge: Dodged            |    11 |    33 |   122 |   171 |   209 |    22 ||   568
  Block: Buckler           |       |       |       |       |    51 |    25 ||    76
         Reflection        |       |       |       |       |     9 |     7 ||    16

Table legend: (Time is in decaauts)
 A = Elapsed time spent in this place.
 B = Non-inter-level travel time spent in this place.
 C = Inter-level travel time spent in this place.
 D = Time resting spent in this place.
 E = Time spent auto-exploring this place.
 F = Levels seen in this place.
 G = Mean time per level.
                   A        B        C        D        E       F      G
               +--------+--------+--------+--------+--------+-----+--------+
         Total |  32810 |  31368 |   1442 |   9083 |  15689 |  27 | 1215.2 |
       Dungeon |  19565 |  18617 |    948 |   4572 |   9856 |  15 | 1304.3 |
        Temple |     38 |     21 |     17 |      0 |      0 |   1 |   38.0 |
          Lair |   6970 |   6669 |    301 |   2134 |   3414 |   5 | 1394.0 |
         Swamp |   2554 |   2505 |     49 |   1137 |   1015 |   3 |  851.3 |
  Orcish Mines |   3522 |   3396 |    126 |   1239 |   1404 |   2 | 1761.0 |
       Ossuary |    158 |    158 |      0 |      0 |      0 |   1 |  158.0 |
               +--------+--------+--------+--------+--------+-----+--------+

Top non-repeatable levels by time:
    D:13: 2469 daAuts
  Lair:5: 2279 daAuts
   Orc:2: 2125 daAuts
    D:12: 2070 daAuts
     D:7: 1671 daAuts
  Lair:2: 1620 daAuts
    D:14: 1441 daAuts
    D:11: 1427 daAuts
 Swamp:2: 1408 daAuts
    D:10: 1407 daAuts
   Orc:1: 1397 daAuts
     D:5: 1361 daAuts
  Lair:4: 1324 daAuts
     D:9: 1254 daAuts
    D:15: 1226 daAuts
